MLB
SEATTLE MARINERS @ TEXAS RANGERS
04/22/2018
 
TOP OF THE 1ST
Seattle Mariners batting - Pitching for Texas Rangers : RHP Yonny Chirinos
Pitching: RHP Yonny Chirinos
Batting: LHB Ben Revere 0-0: Ball
1-0: SINGLE (Line Drive, 34)
Batting: RHB Matt Kemp 0-0: Ball
1-0: Swinging Strike
1-1: Ball
2-1: Fly out, F8 (Flyball, 8LD)
Batting: RHB Manny Machado 0-0: Ball
1-0: Ball
2-0: Called Strike
2-1: Fly out, F2 (Popup, 2LF)
Batting: RHB Kris Bryant 0-0: Called Strike
0-1: Called Strike
0-2: Strikes out swinging
Top of the 1st over - 0 runs, 1 hit, 0 errors, 1 left on base; Seattle 0 - Texas 0
BOTTOM OF THE 1ST
Texas Rangers batting - Pitching for Seattle Mariners : RHP Brad Keller
Pitching: RHP Brad Keller
Batting: LHB Ender Inciarte 0-0: Ball
1-0: SINGLE (Line Drive, 9S)
Batting: SHB Cesar Hernandez 0-0: Called Strike
0-1: Ball
1-1: Fly out, F6 (Line Drive, 6M)
Batting: LHB Bryce Harper 0-0: Ball
1-0: Called Strike
1-1: SINGLE (Groundball, 4MD)
Ender Inciarte to second
Runner from 2nd tries for 3rd, SAFE, no throw
Batting: LHB Eric Thames 0-0: Called Strike
0-1: Ball
1-1: Swinging Strike
1-2: Strikes out looking
Batting: LHB Joc Pederson 0-0: Ball
1-0: Ball
2-0: Swinging Strike
2-1: Ball
3-1: Ground out 4-3 (Groundball, 4)
Bottom of the 1st over - 0 runs, 2 hits, 0 errors, 2 left on base; Seattle 0 - Texas 0
TOP OF THE 2ND
Seattle Mariners batting - Pitching for Texas Rangers : RHP Yonny Chirinos
Batting: RHB Yadier Molina 0-0: Ball
1-0: Ground out 5-3 (Groundball, 56S)
Batting: RHB Hanley Ramirez 0-0: Ball
1-0: Fly out, F9 (Flyball, 89M)
Batting: LHB Brandon Nimmo 0-0: Ball
1-0: Ground out 4-3 (Groundball, 4MD)
Top of the 2nd over - 0 runs, 0 hits, 0 errors, 0 left on base; Seattle 0 - Texas 0
BOTTOM OF THE 2ND
Texas Rangers batting - Pitching for Seattle Mariners : RHP Brad Keller
Batting: SHB Jeimer Candelario 0-0: Called Strike
0-1: Foul Ball, location: 2F
0-2: Ball
1-2: Foul Ball, location: 2F
1-2: Ball
2-2: Strikes out swinging
Batting: RHB Andrelton Simmons 0-0: Ground out 6-3 (Groundball, 6)
Batting: RHB Max Stassi 0-0: Ball
1-0: Ball
2-0: Ball
3-0: Base on Balls
Batting: SHB Breyvic Valera 0-0: Called Strike
0-1: TRIPLE (Flyball, 89XD)
Max Stassi scores
Batting: LHB Ender Inciarte 0-0: Ball
1-0: Ball
2-0: 2-RUN HOME RUN (Flyball, 9LD), Distance : 344 ft
Batting: SHB Cesar Hernandez 0-0: Ball
1-0: Ball
2-0: Ball
3-0: Base on Balls
Batting: LHB Bryce Harper 0-0: Called Strike
Cesar Hernandez is caught stealing 2nd base
Bottom of the 2nd over - 3 runs, 2 hits, 0 errors, 0 left on base; Seattle 0 - Texas 3
TOP OF THE 3RD
Seattle Mariners batting - Pitching for Texas Rangers : RHP Yonny Chirinos
Batting: RHB Christian Villanueva 0-0: Fly out, F4 (Line Drive, 4)
Batting: LHB Preston Tucker 0-0: SINGLE (Line Drive, 9LS)
Batting: LHB Ben Revere 0-0: Called Strike
0-1: Called Strike
0-2: Foul Ball, location: 2F
0-2: Ball
1-2: Ball
2-2: Foul Ball, location: 2F
2-2: Grounds into double play, 4-6-3 (Groundball, 34)
Top of the 3rd over - 0 runs, 1 hit, 0 errors, 0 left on base; Seattle 0 - Texas 3
BOTTOM OF THE 3RD
Texas Rangers batting - Pitching for Seattle Mariners : RHP Brad Keller
Batting: LHB Bryce Harper 0-0: Ball
1-0: Swinging Strike
1-1: Ball
2-1: Ground out 1-3 (Groundball, 34S)
Batting: LHB Eric Thames 0-0: Called Strike
0-1: Ball
1-1: Ball
2-1: Foul Ball, location: 2F
2-2: Ball
3-2: Ground out U3 (Groundball, 3L)
Batting: LHB Joc Pederson 0-0: Called Strike
0-1: Foul Ball, location: 2F
0-2: Ball
1-2: SINGLE (Groundball, 56D)
Batting: SHB Jeimer Candelario 0-0: Fly out, F9 (Flyball, 89M)
Bottom of the 3rd over - 0 runs, 1 hit, 0 errors, 1 left on base; Seattle 0 - Texas 3
TOP OF THE 4TH
Seattle Mariners batting - Pitching for Texas Rangers : RHP Yonny Chirinos
Batting: RHB Matt Kemp 0-0: Called Strike
0-1: Ball
1-1: Fly out, F5 (Popup, 5S)
Batting: RHB Manny Machado 0-0: Ball
1-0: Called Strike
1-1: Fly out, F8 (Line Drive, 8RM)
Batting: RHB Kris Bryant 0-0: Ball
1-0: Fly out, F3 (Flyball, 3D)
Top of the 4th over - 0 runs, 0 hits, 0 errors, 0 left on base; Seattle 0 - Texas 3
BOTTOM OF THE 4TH
Texas Rangers batting - Pitching for Seattle Mariners : RHP Brad Keller
Batting: RHB Andrelton Simmons 0-0: Called Strike
0-1: Ground out 5-3 (Groundball, 5)
Batting: RHB Max Stassi 0-0: Ball
1-0: Called Strike
1-1: Ball
2-1: Fly out, F5 (Popup, 5S)
Batting: SHB Breyvic Valera 0-0: Ball
1-0: Ball
2-0: Ball
3-0: Called Strike
3-1: Fly out, F9 (Flyball, 89XD)
Bottom of the 4th over - 0 runs, 0 hits, 0 errors, 0 left on base; Seattle 0 - Texas 3
TOP OF THE 5TH
Seattle Mariners batting - Pitching for Texas Rangers : RHP Yonny Chirinos
Batting: RHB Yadier Molina 0-0: Foul Ball, location: 2F
0-1: Foul Ball, location: 2F
0-2: Ball
1-2: Ground out 4-3 (Groundball, 4S)
Batting: RHB Hanley Ramirez 0-0: Called Strike
0-1: Ball
1-1: Ball
2-1: Foul Ball, location: 2F
2-2: Ball
3-2: Strikes out looking
Batting: LHB Brandon Nimmo 0-0: Foul Ball, location: 2F
0-1: Ball
1-1: Foul Ball, location: 2F
1-2: Ball
2-2: Strikes out swinging
Top of the 5th over - 0 runs, 0 hits, 0 errors, 0 left on base; Seattle 0 - Texas 3
BOTTOM OF THE 5TH
Texas Rangers batting - Pitching for Seattle Mariners : RHP Brad Keller
Batting: LHB Ender Inciarte 0-0: Ball
1-0: Foul Ball, location: 2F
1-1: Called Strike
1-2: Ground out 1-3 (Groundball, P)
Batting: SHB Cesar Hernandez 0-0: Swinging Strike
0-1: Foul Ball, location: 2F
0-2: Ground out U3 (Groundball, 3S)
Batting: LHB Bryce Harper 0-0: Ground out U3 (Groundball, 3)
Bottom of the 5th over - 0 runs, 0 hits, 0 errors, 0 left on base; Seattle 0 - Texas 3
TOP OF THE 6TH
Seattle Mariners batting - Pitching for Texas Rangers : RHP Yonny Chirinos
Batting: RHB Christian Villanueva 0-0: Ball
1-0: Fly out, F7 (Line Drive, 7D)
Batting: LHB Preston Tucker 0-0: Ball
1-0: Swinging Strike
1-1: Foul Ball, location: 2F
1-2: Foul Ball, location: 2F
1-2: Ball
2-2: Ball
3-2: Strikes out swinging
Batting: LHB Ben Revere 0-0: Ground out 1-3 (Groundball, 34S)
Top of the 6th over - 0 runs, 0 hits, 0 errors, 0 left on base; Seattle 0 - Texas 3
BOTTOM OF THE 6TH
Texas Rangers batting - Pitching for Seattle Mariners : RHP Brad Keller
Batting: LHB Eric Thames 0-0: Called Strike
0-1: Foul Ball, location: 2F
0-2: SINGLE (Line Drive, 78M)
Batting: LHB Joc Pederson 0-0: Swinging Strike
0-1: Ball
1-1: Ball
2-1: SINGLE (Line Drive, 6D)
Eric Thames to second
Batting: SHB Jeimer Candelario 0-0: Ball
1-0: Called Strike
1-1: Ball
2-1: Foul Ball, location: 2F
2-2: Foul Ball, location: 2F
2-2: Foul Ball, location: 2F
2-2: Grounds into double play, 6-4-3 (Groundball, 6)
Eric Thames to third
Batting: RHB Andrelton Simmons 0-0: Intentional Walk
Batting: RHB Max Stassi 0-0: Ball
1-0: Ball
2-0: Ball
3-0: Called Strike
3-1: Swinging Strike
3-2: Foul Ball, location: 2F
3-2: Strikes out swinging
Bottom of the 6th over - 0 runs, 2 hits, 0 errors, 2 left on base; Seattle 0 - Texas 3
TOP OF THE 7TH
Seattle Mariners batting - Pitching for Texas Rangers : RHP Yonny Chirinos
Batting: RHB Matt Kemp 0-0: Called Strike
0-1: Ball
1-1: Ground out 5-3 (Groundball, 56S)
Batting: RHB Manny Machado 0-0: Called Strike
0-1: Ball
1-1: Ball
2-1: Fly out, F4 (Popup, 4)
Batting: RHB Kris Bryant 0-0: Fly out, F8 (Flyball, 8RM)
Top of the 7th over - 0 runs, 0 hits, 0 errors, 0 left on base; Seattle 0 - Texas 3
BOTTOM OF THE 7TH
Texas Rangers batting - Pitching for Seattle Mariners : RHP Brad Keller
Pitching: RHP Matt Albers
Batting: SHB Breyvic Valera 0-0: Ball
1-0: Called Strike
1-1: Ground out 5-3 (Groundball, 56)
Batting: LHB Ender Inciarte 0-0: Ball
1-0: Called Strike
1-1: Ball
2-1: Swinging Strike
2-2: SINGLE (Groundball, 6D)
Batting: SHB Cesar Hernandez 0-0: Ball
1-0: Swinging Strike
1-1: Ball
2-1: Ball
3-1: Base on Balls
Ender Inciarte to second
Pitching: RHP Jose Leclerc
Batting: LHB Bryce Harper 0-0: Called Strike
0-1: Foul Ball, location: 2F
0-2: Ball
1-2: Ball
2-2: Ball
3-2: Base on Balls
Ender Inciarte to third
Cesar Hernandez to second
Batting: LHB Eric Thames 0-0: Swinging Strike
0-1: Called Strike
0-2: Grounds into double play, 1-2-3 (Groundball, 34S)
Bottom of the 7th over - 0 runs, 1 hit, 0 errors, 2 left on base; Seattle 0 - Texas 3
TOP OF THE 8TH
Seattle Mariners batting - Pitching for Texas Rangers : RHP Yonny Chirinos
Batting: RHB Yadier Molina 0-0: Called Strike
0-1: DOUBLE (Flyball, 89D)
Batting: RHB Hanley Ramirez 0-0: Foul Ball, location: 2F
0-1: Called Strike
0-2: Ball
1-2: Ball
2-2: SINGLE (Groundball, 56D)
Yadier Molina to third
Runner from 3rd tries for Home, SAFE, throw made home
Hanley Ramirez to second
Batting: LHB Brandon Nimmo 0-0: Called Strike
0-1: Ball
1-1: Foul Ball, location: 2F
1-2: Ball
2-2: Ball
3-2: Strikes out swinging
Batting: RHB Christian Villanueva 0-0: Called Strike
0-1: Ground out 6-3 (Groundball, 6)
Batting: LHB Preston Tucker 0-0: Ball
1-0: DOUBLE (Line Drive, 9LM)
Hanley Ramirez scores
Batting: LHB Ben Revere 0-0: Ball
1-0: Ball
2-0: Foul Ball, location: 2F
2-1: Foul Ball, location: 2F
2-2: Foul Ball, location: 2F
2-2: Foul Ball, location: 2F
2-2: Ball
3-2: Fly out, F9 (Flyball, 89D)
Top of the 8th over - 2 runs, 3 hits, 0 errors, 1 left on base; Seattle 2 - Texas 3
BOTTOM OF THE 8TH
Texas Rangers batting - Pitching for Seattle Mariners : RHP Jose Leclerc
Batting: LHB Joc Pederson 0-0: Foul Ball, location: 2F
0-1: Swinging Strike
0-2: Ball
1-2: Ball
2-2: Ball
3-2: Base on Balls
Batting: SHB Jeimer Candelario 0-0: Called Strike
0-1: Ball
1-1: Foul Ball, location: 2F
1-2: Foul Ball, location: 2F
1-2: Foul Ball, location: 2F
1-2: Ball
2-2: Foul Ball, location: 2F
2-2: DOUBLE (Line Drive, 7LS)
Joc Pederson to third
Runner from 3rd tries for Home, SAFE, no throw
Batting: RHB Andrelton Simmons 0-0: Intentional Walk
Pitching: RHP Gabriel Ynoa
Batting: RHB Max Stassi 0-0: Swinging Strike
0-1: Ball
1-1: Called Strike
1-2: Ball
2-2: Grounds into double play, 6-4-3 (Groundball, 6)
Jeimer Candelario to third
Batting: SHB Breyvic Valera 0-0: Ball
1-0: Ball
2-0: Swinging Strike
2-1: Foul Ball, location: 2F
2-2: Ground out 5-3 (Groundball, 5L)
Bottom of the 8th over - 1 run, 1 hit, 0 errors, 1 left on base; Seattle 2 - Texas 4
TOP OF THE 9TH
Seattle Mariners batting - Pitching for Texas Rangers : RHP Yonny Chirinos
Pitching: RHP Anthony Swarzak
Batting: RHB Matt Kemp 0-0: SINGLE (Groundball, 56D)
Batting: RHB Manny Machado 0-0: Foul Ball, location: 2F
0-1: Fly out, F7 (Line Drive, 7D)
Batting: RHB Kris Bryant 0-0: Foul Ball, location: 2F
0-1: Foul Ball, location: 2F
0-2: Ball
1-2: Fly out, F5 (Popup, 56)
Batting: RHB Yadier Molina 0-0: Ball
1-0: Swinging Strike
1-1: Foul Ball, location: 2F
1-2: Ball
2-2: Strikes out looking
Top of the 9th over - 0 runs, 1 hit, 0 errors, 1 left on base; Seattle 2 - Texas 4
Wednesday, June 13th, 2018 - OOTP Baseball 19.6 Build 53